 Dungeon Crawl Stone Soup version 0.23.2-1-ga50397a (webtiles) character file.

Game seed: 11323692613646515102

9755 MaxwellSilver the Fighter (level 11, -7/108 HPs)
             Began as a Minotaur Fighter on May 15, 2019.
             Was a High Priest of Okawaru.
             Mangled by a fire crab (shapeshifter) (9 damage)
             ... in a Gauntlet.
             The game lasted 00:30:10 (9427 turns).

MaxwellSilver the Fighter (Minotaur Fighter)        Turns: 9427, Time: 00:30:11

Health: -7/108     AC: 13    Str: 24    XL:     11   Next: 27%
Magic:  11/11      EV:  7    Int:  5    God:    Okawaru [*****.]
Gold:   491        SH: 10    Dex: 13    Spells: 10/10 levels left

rFire    . . .     SeeInvis +   a - +1 rapier
rCold    . . .     Gourm    .   c - +0 shield
rNeg     . . .     Faith    .   K - +1 scale mail {rPois}
rPois    +         Spirit   .   z - +1 hat
rElec    .         Reflect  .   w - +0 cloak
rCorr    .         Harm     .   (no gloves)
MR       .....     NoTele   +   e - +0 pair of boots
Stlth    ..........             u - amulet of the acrobat
HPRegen  0.28/turn              v - ring of see invisible
MPRegen  0.12/turn              r - +3 ring of dexterity

@: barbed spikes
A: retaliatory headbutt, horns 2
a: Heroism, Finesse, Renounce Religion


You were in a Gauntlet.
You worshipped Okawaru.
Okawaru was extremely pleased with you.
You were hungry.

You visited 2 branches of the dungeon, and saw 12 of its levels.
You also visited: Gauntlet.

You collected 491 gold pieces.

Inventory:

Hand Weapons
 a - a +1 rapier (weapon)
Armour
 c - a +0 shield (worn)
 e - a +0 pair of boots (worn)
 w - a +0 cloak (worn)
 z - a +1 hat (worn)
 D - a +2 chain mail of positive energy
 K - a +1 scale mail of poison resistance (worn)
Jewellery
 l - a +2 ring of slaying {unknown}
 o - a cursed ring of attention {unknown}
 r - a +3 ring of dexterity (right hand)
 u - an amulet of the acrobat (around neck)
 v - a ring of see invisible (left hand)
Wands
 b - a wand of iceblast (29)
 d - a wand of polymorph (18)
 y - a wand of clouds (5)
 B - a wand of scattershot (7)
 E - a wand of enslavement (10)
 F - a wand of flame (31)
 G - a wand of paralysis (7)
 I - a wand of disintegration (12)
Scrolls
 h - 7 scrolls of teleportation
 k - 2 scrolls of magic mapping
 m - 4 scrolls of identify
 n - 6 scrolls of remove curse
 p - a scroll of immolation
 s - 2 scrolls of fog
 x - a scroll of enchant armour {unknown}
 C - a scroll of enchant weapon
Potions
 g - 6 potions of curing
 i - 3 potions of haste
 j - a potion of invisibility
 q - 3 potions of flight
 t - 4 potions of brilliance
 A - a potion of mutation
 H - 2 potions of lignification
 L - a potion of degeneration {unknown}
Comestibles
 f - 22 rations


   Skills:
 * Level 13.7 Fighting
 + Level 11.2 Short Blades
 + Level 9.6 Armour
 - Level 4.0 Shields
 - Level 4.4 Unarmed Combat
 + Level 1.8 Invocations


You had 10 spell levels left.
You didn't know any spells.
Your spell library contained the following spells:

 Spells                   Type           Power        Failure   Level  Hunger
 Animate Skeleton         Necr           N/A          99%         1    ##.....
 Apportation              Tloc           #.....       99%         1    ##.....
 Confusing Touch          Hex            #.....       99%         1    ##.....
 Flame Tongue             Conj/Fire      #....        99%         1    ##.....
 Summon Small Mammal      Summ           #...         99%         1    ##.....
 Throw Flame              Conj/Fire      #.....       100%        2    ###....
 Conjure Flame            Conj/Fire      #.......     100%        3    ####...
 Inner Flame              Hex/Fire       #.......     100%        3    ####...
 Static Discharge         Conj/Air       #.......     100%        3    ####...
 Sticky Flame             Conj/Fire      #.......     100%        4    #####..
 Fireball                 Conj/Fire      #.........   100%        5    ######.
 Lightning Bolt           Conj/Air       #.........   100%        5    ######.
 Ignition                 Fire           #.........   100%        8    #######
 Shatter                  Erth           #.........   100%        9    #######
 Tornado                  Air            #.........   100%        9    #######


Dungeon Overview and Level Annotations

Branches:
Dungeon (11/15)            Temple (1/1) D:5            Lair (0/6) D:11
    Orc: D:9-12

Altars:
Ashenzari
Cheibriados
Elyvilon
Fedhas
Gozag
Kikubaaqudgha
Makhleb
Nemelex Xobeh
Okawaru
Qazlal
Uskayaw
Wu Jian
Zin

Shops:
D:5 %

Annotations:
Gauntlet 1 transporter


Innate Abilities, Weirdness & Mutations

You reflexively headbutt those who attack you in melee.
You have a pair of horns on your head.


Message History

You block the basilisk's attack. You block the fire crab's attack.
The fire crab barely misses you. The hog barely misses you.
Unknown command.
Unknown command.
Okay, then.
A magic seal in the Gauntlet prevents long-range teleports.
You feel better. The basilisk bites you!
* * * LOW HITPOINT WARNING * * *
The fire crab completely misses you. The fire crab barely misses you.
The hog bites you but does no damage.
You feel better. The basilisk bites you.
* * * LOW HITPOINT WARNING * * *
The wizard's eyes start to glow.
The hog bites you.
* * * LOW HITPOINT WARNING * * *
The fire crab bites you but does no damage.
The fire crab claws you.
* * * LOW HITPOINT WARNING * * *
You are engulfed in flames!
You die...

....#.. #...... ....#.©
#....8...# ######
####.....# ..?|©
[..#...###
!.#...#.#.#.#^#.#...#5)
#.#...#h.#^#(#..#...#5.
#.#...#^#.#.#H#.#...#5.
.^#.8.#^.#.©.#ht#.8.#p5
#.#...#.#§#^#.#@#...#p#
#.#...#..#.#^#l.#...#5.
..#...#.#^#^#.#.#...#..
###...#.§^G..^..#...###
......###########......
....8......©......8....
........∩..8..∩........
#≈#§#.............#≈#≈#
# ####≈#≈#≈#≈#≈#≈######


You could see a fire crab shaped shifter, a manticore, 2 wizards, a basilisk, a
hog shaped shifter, 3 white imps and 2 shadow imps.

Vanquished Creatures
  Erolcha (D:8)
  Harold (D:7)
  Erica (D:9)
  A centaur warrior (D:9)
  A two-headed ogre (D:9)
  A cyclops (D:9)
  Psyche (D:8)
  2 trolls
  A hippogriff (D:8)
  Sigmund (D:6)
  A spriggan (D:7)
  A vampire (D:9)
  Eustachio (D:6)
  3 yaks (D:9)
  3 hungry ghosts
  A sky beast (D:7)
  4 orc warriors
  A phantom (D:8)
  3 ogres
  2 black bears
  6 centaurs
  A bullfrog (D:9)
  A wyvern zombie (D:8)
  4 scorpions
  13 wights
  2 bullfrog zombies
  4 crimson imps
  2 hounds (D:8)
  A centaur skeleton (D:9)
  6 orc priests
  4 orc wizards
  A bullfrog skeleton (D:7)
  Ijyb (D:3)
  Natasha (thrice) (D:2)
  6 iguanas
  7 worker ants
  A killer bee zombie (D:8)
  A hound skeleton (D:7)
  A howler monkey zombie (D:5)
  A worker ant zombie (D:7)
  4 gnolls (D:4)
  12 adders
  2 shadow imps
  3 oozes
  An adder skeleton (D:9)
  7 worms
  3 dart slugs
  2 leopard geckos
  36 orcs
  4 giant cockroaches
  9 goblins
  5 hobgoblins
  9 jackals
  6 quokkas
  2 ball pythons (D:2)
  6 bats
  3 frilled lizards
  2 kobolds (D:3)
  A leopard gecko skeleton (D:4)
  A quokka skeleton (D:4)
  2 quokka zombies
  3 rats (D:2)
  2 toadstools (D:1)
222 creatures vanquished.

Vanquished Creatures (others)
  A bush (D:4)
  2 toadstools (D:1)
3 creatures vanquished.

Grand Total: 225 creatures vanquished

Notes
Turn   | Place    | Note
-------+----------+-------------------------------------------
     0 | D:1      | MaxwellSilver the Minotaur Fighter began the quest for the
                  | Orb.
     0 | D:1      | Reached XP level 1. HP: 19/19 MP: 0/0
   241 | D:1      | Reached XP level 2. HP: 26/26 MP: 1/1
   638 | D:2      | Reached XP level 3. HP: 24/31 MP: 2/2
   958 | D:2      | Reached XP level 4. HP: 17/39 MP: 3/3
  1182 | D:2      | Reached skill level 5 in Short Blades
  1253 | D:2      | You fall through a shaft!
  1452 | D:3      | Noticed a centaur
  1551 | D:2      | Noticed Natasha
  1561 | D:2      | Killed Natasha
  1561 | D:2      | Reached XP level 5. HP: 27/45 MP: 4/4
  1565 | D:2      | Noticed Natasha
  1574 | D:2      | Killed Natasha
  1956 | D:2      | Noticed Natasha
  1962 | D:2      | Killed Natasha
  1993 | D:3      | Killed a centaur
  1993 | D:3      | Reached XP level 6. HP: 32/51 MP: 5/5
  2179 | D:3      | Reached skill level 4 in Fighting
  2449 | D:3      | Noticed Ijyb
  2461 | D:3      | Killed Ijyb
  3117 | D:4      | Reached skill level 5 in Fighting
  3130 | D:5      | Entered Level 5 of the Dungeon
  3141 | D:5      | Reached XP level 7. HP: 39/61 MP: 6/6
  3424 | D:4      | Reached skill level 6 in Fighting
  4207 | D:5      | Noticed a +0 hand axe
  4207 | D:5      | Noticed a +0 hand axe
  4208 | D:5      | Found a hide-covered altar of Uskayaw.
  4229 | D:5      | Found a staircase to the Ecumenical Temple.
  4249 | Temple   | Entered the Ecumenical Temple
  4277 | Temple   | Became a worshipper of Warmaster Okawaru
  4452 | D:5      | Reached skill level 7 in Fighting
  4561 | D:5      | Found Celecrut's Food Boutique.
  4697 | D:6      | Found an ornate altar of the Wu Jian Council.
  4697 | D:6      | Noticed a troll
  4770 | D:6      | Noticed Eustachio
  4803 | D:6      | Killed Eustachio
  4803 | D:6      | Reached skill level 1 in Unarmed Combat
  4810 | D:6      | Reached XP level 8. HP: 61/73 MP: 7/7
  4853 | D:6      | Killed a troll
  4853 | D:6      | Reached * piety under Okawaru
  4853 | D:6      | Reached skill level 8 in Fighting
  4884 | D:6      | Noticed Sigmund
  4896 | D:6      | Killed Sigmund
  4994 | D:6      | Reached ** piety under Okawaru
  4994 | D:6      | Reached skill level 5 in Armour
  5274 | D:6      | Reached skill level 9 in Fighting
  5789 | D:6      | Found a snail-covered altar of Cheibriados.
  5973 | D:6      | Reached XP level 9. HP: 68/83 MP: 8/8
  6073 | D:7      | Noticed Harold
  6081 | D:7      | Killed Harold
  6270 | D:7      | Reached *** piety under Okawaru
  6270 | D:7      | Reached skill level 10 in Fighting
  6772 | D:7      | Found a burning altar of Makhleb.
  6772 | D:7      | Noticed an Executioner
  7392 | D:8      | Reached skill level 11 in Fighting
  7404 | D:8      | Noticed Psyche
  7418 | D:8      | Killed Psyche
  7418 | D:8      | Reached XP level 10. HP: 96/96 MP: 6/9
  7475 | D:9      | Noticed Erolcha
  7521 | D:8      | Reached skill level 10 in Short Blades
  8051 | D:9      | Reached **** piety under Okawaru
  8343 | D:8      | Killed Erolcha
  8343 | D:8      | Reached skill level 12 in Fighting
  8551 | D:10     | Entered Level 10 of the Dungeon
  8628 | D:9      | Noticed a two-headed ogre
  8635 | D:9      | Killed a two-headed ogre
  8643 | D:9      | Reached ***** piety under Okawaru
  8646 | D:9      | Noticed Erica
  8667 | D:9      | Paralysed by Erica for 6 turns
  8677 | D:9      | Killed Erica
  8677 | D:9      | Reached skill level 13 in Fighting
  8685 | D:9      | Received a gift from Okawaru
  8764 | D:9      | Reached XP level 11. HP: 97/107 MP: 7/10
  9044 | D:9      | Noticed a centaur warrior
  9158 | D:9      | Killed a centaur warrior
  9158 | D:9      | Reached skill level 1 in Invocations
  9387 | D:11     | Found a gate leading to a gauntlet.
  9397 | Gauntlet | Entered a Gauntlet
  9397 | Gauntlet | Found a transporter.
  9402 | Gauntlet | Found a transporter.
  9410 | Gauntlet | Found a transporter.
  9411 | Gauntlet | Noticed a wizard
  9412 | Gauntlet | Noticed a fire crab
  9412 | Gauntlet | a yak changed into a fire crab
  9423 | Gauntlet | Identified the ring "Yreabb" {*Tele Str+3}
  9423 | Gauntlet | Noticed a wizard
  9424 | Gauntlet | HP: 5/108 [basilisk (shapeshifter) (1)]
  9427 | Gauntlet | HP: 2/108 [fire crab (shapeshifter) (5)]
  9427 | Gauntlet | Mangled by a fire crab (shapeshifter)

Skill      XL: |  1  2  3  4  5  6  7  8  9 10 11 |
---------------+----------------------------------+-----
Short Blades   | 3 4 5 7 8 9 10 11 | 11.2
Fighting       | 5 7 9 11 13 | 13.7
Shields        | 4 |  4.0
Unarmed Combat | 1 3 4 |  4.4
Armour         | 4 5 7 9 |  9.6
Invocations    | 1 |  1.8

Action                   |  1- 3 |  4- 6 |  7- 9 | 10-12 || total
-------------------------+-------+-------+-------+-------++-------
Melee: Rapier            |   104 |   146 |   346 |   255 ||   851
       Headbutt          |    11 |    25 |    80 |    65 ||   181
Invok: Heroism           |       |       |     2 |     8 ||    10
  Use: Scroll            |       |     8 |     9 |     1 ||    18
       Potion            |       |       |     3 |     3 ||     6
 Stab: Invisible         |       |       |     1 |       ||     1
  Eat: Chunk             |       |     7 |     8 |     8 ||    23
       Ration            |       |       |     2 |       ||     2
Armor: Scale mail        |    32 |    14 |    26 |    64 ||   136
       Chain mail        |       |    34 |    66 |       ||   100
Dodge: Dodged            |    23 |    34 |    69 |    84 ||   210
Block: Shield            |    48 |    67 |   121 |    59 ||   295
